 Dungeon Crawl Stone Soup version 0.29.1-2-gbd0b4ee654 (webtiles) character file.

Game seed: 2606766243714602964

5020 sanboga the Geomancer (level 10, -12/50 HPs)
             Began as a Gargoyle Earth Elementalist on Nov 4, 2022.
             Was a Believer of Sif Muna.
             Killed by divine providence
             ... invoked by an orc priest
              (17 damage)
             ... on level 8 of the Dungeon.
             The game lasted 00:16:51 (11302 turns).

sanboga the Geomancer (GrEE)                       Turns: 11302, Time: 00:16:52

Health: -12/50     AC: 18    Str:  9    XL:     10   Next: 55%
Magic:  18/19      EV: 15    Int: 21    God:    Sif Muna [**....]
Gold:   284        SH:  0    Dex: 16    Spells: 18/22 levels left

rFire   . . .      SeeInvis +   f - +1 short sword (venom)
rCold   . . .      Faith    .   (no shield)
rNeg    + . .      Spirit   .   a - +0 robe
rPois   ∞          Reflect  .   m - +0 helmet
rElec   +          Harm     .   q - +0 cloak
rCorr   +          Rampage  .   (no gloves)
Will    .....                   y - +2 pair of boots
Stlth   ++........              p - amulet of magic regeneration
HPRegen 0.16/turn               j - +4 ring of protection
MPRegen 0.56/turn               x - ring of Wu Jian's Outrage {rCorr Str-2 Dex+6 Slay+2 SInv}

@: no status effects
A: sickness immunity, AC +7, negative energy resistance 1, electricity
resistance, torment resistance 1, petrification resistance
a: Renounce Religion, Channel Magic


You were on level 8 of the Dungeon.
You worshipped Sif Muna.
Sif Muna was pleased with you.
You visited 1 branch of the dungeon, and saw 8 of its levels.
You also visited: Sewer.

You collected 427 gold pieces.
You spent 143 gold pieces at shops.

Inventory:

Hand Weapons
 f - a +1 short sword of venom (weapon)
Armour
 a - a +0 robe (worn)
 m - a +0 helmet (worn)
 q - a +0 cloak (worn)
 y - a +2 pair of boots (worn)
Jewellery
 j - a +4 ring of protection (left hand)
 p - an amulet of magic regeneration (around neck)
 r - a ring of ice
 x - the ring of Wu Jian's Outrage (right hand) {rCorr Str-2 Dex+6 Slay+2 SInv}
   (You found it on level 5 of the Dungeon)

   [ring of dexterity]

   Str:       It affects your strength (-2).
   Dex:       It affects your dexterity (+6).
   Slay:      It affects your accuracy & damage with ranged weapons and melee
   (+2).
   SInv:      It lets you see invisible.
   rCorr:     It protects you from acid and corrosion.
 C - a ring of wizardry
Wands
 w - a wand of flame (34)
 G - a wand of mindburst (15)
Scrolls
 c - a scroll of enchant armour {unknown}
 g - 7 scrolls of fear
 h - a scroll of poison
 k - 3 scrolls of teleportation
 l - 2 scrolls of enchant weapon
 n - a scroll of summoning
 o - a scroll of brand weapon {unknown}
 t - a scroll of butterflies {unknown}
 v - 2 scrolls of magic mapping
 D - a scroll of amnesia {unknown}
 F - a scroll of silence {unknown}
Potions
 b - 2 potions of magic
 d - 2 potions of attraction {unknown}
 e - 4 potions of curing
 i - a potion of flight {unknown}
 s - a potion of brilliance
 u - a potion of mutation
 z - a potion of ambrosia
 A - 2 potions of haste
 B - a potion of resistance {unknown}
 E - a potion of heal wounds


   Skills:
 + Level 5.9 Dodging
 - Level 2.1 Stealth
 + Level 6.6 Spellcasting
 * Level 9.0 Conjurations
 - Level 0.7 Transmutations
 + Level 10.6 Earth Magic


You had 18 spell levels left.
You knew the following spells:

 Your Spells              Type           Power      Damage    Failure   Level
a - Sandblast             Erth           100%       2d20      1%          1
b - Stone Arrow           Conj/Erth      96%        3d13      1%          3

Your spell library contained the following spells:

 Spells                   Type           Power      Damage    Failure   Level
 Passwall                 Tmut/Erth      25%        N/A       1%          2
 Sting                    Tmut/Pois      32%        1d4       8%          1
 Petrify                  Tmut/Erth      30%        N/A       9%          4
 Wereblood                Tmut           9%         N/A       11%         2
 Poisonous Vapours        Pois/Air       12%        N/A       14%         2
 Ozocubu's Armour         Ice            6%         N/A       28%         3
 Olgreb's Toxic Radiance  Pois           6%         N/A       67%         4
 Metabolic Englaciation   Hex/Ice        3%         N/A       95%         5
 Simulacrum               Ice/Necr       3%         N/A       100%        6
 Summon Hydra             Summ           3%         N/A       100%        7
 Sublimation of Blood     Necr           Unusable   N/A       N/A         2

Dungeon Overview and Level Annotations

Branches:
Dungeon (8/15)             Temple (0/1) D:6           Sewer (visited)
   Lair: D:8-11

Altars:
Ashenzari
Cheibriados
Dithmenos
Elyvilon
Gozag
Hepliaklqana
Okawaru
Sif Muna
Trog
Uskayaw

Shops:
D:4 *   D:8 =!(


Innate Abilities, Weirdness & Mutations

You are immune to sickness and miasma.
Your stone body is resilient. (AC +7)
You are immune to poison.
You resist negative energy. (rN+)
You are resistant to electric shocks. (rElec)
You are resistant to unholy torment.
You are immune to petrification.


Message History

Press: ? - help, Shift-Dir - straight line, f - orc priest
Aim: an orc priest, wielding a +0 dagger and wearing a +0 chain mail (asleep, 100% to hit)
The blast of sand hits the orc!!
You kill the orc!
Sif Muna accepts your kill.
The orc priest shouts!
The orc priest invokes the aid of Beogh against you.
Beogh smites you!
Casting: Sandblast (safe; 1% risk of failure)
Confirm with . or Enter, or press ? or * to list all spells.
Aiming: Sandblast (safe; 1% risk of failure)
Press: ? - help, Shift-Dir - straight line, f/p - orc priest
Aim: an orc priest, wielding a +0 dagger and wearing a +0 chain mail (89% to hit)
The blast of sand hits the orc!
You kill the orc!
Sif Muna accepts your kill.
The orc warrior shouts!
You hear a shout!
An orc priest comes into view. It is wielding a +0 whip.
The orc priest invokes the aid of Beogh against you.
Beogh smites you!
Casting: Sandblast (safe; 1% risk of failure)
Confirm with . or Enter, or press ? or * to list all spells.
Aiming: Sandblast (safe; 1% risk of failure)
Press: ? - help, Shift-Dir - straight line, f/p - orc priest
Aim: an orc priest, wielding a +0 dagger and wearing a +0 chain mail (89% to hit)
The blast of sand hits the orc priest!
The orc priest is almost dead.
The orc priest invokes the aid of Beogh against you.
Beogh smites you!
* * * LOW HITPOINT WARNING * * *
Casting: Sandblast (safe; 1% risk of failure)
Confirm with . or Enter, or press ? or * to list all spells.
Aiming: Sandblast (safe; 1% risk of failure)
Press: ? - help, Shift-Dir - straight line, f/p - orc priest
Aim: an orc priest, wielding a +0 dagger and wearing a +0 chain mail (almost dead, 89% to hit)
The blast of sand hits the orc priest but does no damage.
The orc priest is almost dead.
The orc priest invokes the aid of Beogh against you.
Beogh smites you!
You die...

#.#.#########.#...#####
#.#.# #.#.......#
#.##### #.#...###.#
#.....# #.##### #.##
#####.#####.#######.#.
#...............).
#######.#######..[
#######.#######.#.
#@................
#)################ #o#
#o# #o# ..# ###


You could see an orc warrior and 2 orc priests.

Vanquished Creatures
  A two-headed ogre (D:6)
  Pikel (D:6)
  Maurice (D:8)
  A wyvern (D:7)
  Eustachio (D:4)
  4 yaks (D:8)
  Duvessa (D:4)
  A water moccasin (D:7)
  An orc warrior (D:6)
  An ice beast (D:6)
  A black bear (D:5)
  An ogre (D:4)
  A phantom (D:5)
  3 centaurs
  4 kobold brigands
  2 bullfrogs
  A gnoll sergeant (D:7)
  A scorpion (D:6)
  6 wights (D:8)
  Dowan (D:4)
  3 howler monkeys
  A jelly (D:7)
  3 orc priests
  Crazy Yiuf (D:2)
  Terence (D:3)
  Natasha (thrice) (D:4)
  4 iguanas
  3 orc wizards
  Robin (D:1)
  4 gnolls
  2 river rats
  21 adders
  3 shadow imps
  A white imp (D:6)
  An ufetubus (D:5)
  3 worms (D:4)
  3 dart slugs
  26 orcs
  9 bats
  6 endoplasms
  5 giant cockroaches
  21 goblins
  3 hobgoblins
  10 jackals
  8 quokkas
  10 ball pythons
  12 frilled lizards
  14 kobolds
  13 rats
229 creatures vanquished.

Vanquished Creatures (others)
  An orc wizard (D:6)
  18 plants
19 creatures vanquished.

Grand Total: 248 creatures vanquished

Notes
Turn   | Place    | Note
-------+----------+-------------------------------------------
     0 | D:1      | sanboga the Gargoyle Earth Elementalist began the quest for
                  | the Orb.
     0 | D:1      | Reached XP level 1. HP: 10/10 MP: 3/3
   547 | D:1      | Reached XP level 2. HP: 11/15 MP: 5/5
   653 | D:1      | Reached skill level 4 in Earth Magic
  1485 | D:1      | Reached XP level 3. HP: 9/19 MP: 4/6
  1784 | D:1      | Learned a level 3 spell: Stone Arrow
  2298 | D:2      | Noticed Robin
  2316 | D:1      | Killed Robin
  2317 | D:1      | Reached XP level 4. HP: 23/24 MP: 3/7
  2420 | D:1      | Reached skill level 1 in Conjurations
  2758 | D:2      | You fall into a shaft and drop 1 floor!
  2785 | D:3      | Reached skill level 5 in Earth Magic
  3012 | D:2      | Reached XP level 5. HP: 19/28 MP: 9/9
  3649 | D:2      | Found a runed translucent door.
  3650 | D:2      | Noticed Crazy Yiuf
  3661 | D:2      | Killed Crazy Yiuf
  4227 | D:3      | Found a bloodstained altar of Trog.
  4333 | D:3      | Reached XP level 6. HP: 32/32 MP: 10/10
  4363 | D:3      | Noticed Terence
  4374 | D:3      | Killed Terence
  4609 | D:3      | Identified the +7 sling "Weoqawn" {freeze, rF- Str+4
                  | Stlth+}
  4651 | D:3      | Found a snail-covered altar of Cheibriados.
  4739 | D:3      | Found a hazy altar of Hepliaklqana.
  4886 | D:4      | Reached skill level 6 in Earth Magic
  4993 | D:4      | Found a glowing drain.
  5001 | Sewer    | Entered a sewer
  5089 | Sewer    | Reached XP level 7. HP: 36/36 MP: 6/12
  5399 | Sewer    | Reached skill level 7 in Earth Magic
  5940 | D:4      | Found Cuizig's General Store.
  5950 | D:4      | Bought a potion of mutation for 88 gold pieces
  6033 | D:4      | Noticed Eustachio
  6045 | D:4      | Killed Eustachio
  6167 | D:4      | Noticed Natasha
  6176 | D:4      | Killed Natasha
  6177 | D:4      | Reached XP level 8. HP: 34/41 MP: 14/14
  6398 | D:4      | Noticed Dowan
  6412 | D:4      | Noticed Duvessa
  6424 | D:4      | Killed Duvessa
  6425 | D:4      | Killed Dowan
  6426 | D:4      | Reached skill level 8 in Earth Magic
  6595 | D:4      | Noticed Natasha
  6608 | D:4      | Killed Natasha
  6925 | D:4      | Noticed Natasha
  6934 | D:4      | Killed Natasha
  6970 | D:5      | Entered Level 5 of the Dungeon
  7162 | D:5      | Identified the ring of Wu Jian's Outrage {rCorr Str-2 Dex+6
                  | Slay+2 SInv}
  7169 | D:5      | Found a shimmering blue altar of Sif Muna.
  7182 | D:5      | Became a worshipper of Sif Muna the Loreminder
  7548 | D:5      | Found a broken altar of Ashenzari.
  8077 | D:6      | Noticed Pikel
  8087 | D:6      | Reached skill level 9 in Earth Magic
  8222 | D:6      | Found a staircase to the Ecumenical Temple.
  8268 | D:6      | Killed Pikel
  8269 | D:6      | Reached skill level 5 in Spellcasting
  8269 | D:6      | Reached skill level 5 in Conjurations
  8269 | D:6      | Reached XP level 9. HP: 42/45 MP: 5/16
  8436 | D:6      | Noticed a two-headed ogre
  8442 | D:6      | Killed a two-headed ogre
  8446 | D:6      | Reached skill level 5 in Dodging
  8483 | D:6      | Found a shadowy altar of Dithmenos.
  8489 | D:6      | Found an opulent altar of Gozag.
  8837 | D:6      | Reached * piety under Sif Muna
  9133 | D:6      | Found a white marble altar of Elyvilon.
  9321 | D:7      | Found an iron altar of Okawaru.
  9436 | D:7      | Reached skill level 10 in Earth Magic
  9622 | D:7      | Reached XP level 10. HP: 41/50 MP: 16/19
  9695 | D:7      | Found a hide-covered altar of Uskayaw.
 10518 | D:8      | Found Ameut's Distillery.
 10532 | D:8      | Bought a potion of heal wounds for 55 gold pieces
 10839 | D:8      | Found Zacosm's Jewellery Boutique.
 10890 | D:8      | Noticed Maurice
 10894 | D:8      | Killed Maurice
 10928 | D:8      | Found Veosy's Weapon Shoppe.
 10968 | D:8      | Reached ** piety under Sif Muna
 11302 | D:8      | Killed from afar by an orc priest

Illustrated notes

Levels and vault maps discovered:
D:1:      lemuel_arrival_behind_the_door_large, layout_loops_corners,
          st_stairs_2, minmay_box_of_dots
D:2:      layout_basic, minmay_lizard_king, uniq_robin, uniq_crazy_yiuf_cottage
D:3:      layout_basic, trog_three_pillars_becter, kennysheep_slug_shrine,
          lemuel_coloured_pillars_altar, chequers_serial_rivers_small_3,
          uniq_terence
D:4:      layout_loops_cross, lightli_sewer_entry_pipes, serial_shops, shop,
          uniq_duvessa, uniq_eustachio, uniq_natasha
D:5:      layout_loops_ring, mainiacjoe_overflow_six_doors_small,
          nicolae_ashenzari_skybound, mrwooster_statue_mirror
D:6:      layout_basic, mainiacjoe_overflow_alcove_2,
          grunt_dithmenos_smoke_and_mirrors, nicolae_overflow_crystal_walls,
          uniq_pikel
D:7:      layout_gridville, mainiacjoe_overflow_surrounded_room, okawaru_trees_1
D:8:      layout_loops_ring, makhleb_blood_cavern_becter, serial_shops,
          nicolae_stop_n_shop_1, nicolae_shop_advertising_works
          [nicolae_subvault_shop_adworks], nicolae_stop_n_shop_2,
          nicolae_shop_behind_doors, hangedman_decor_peaks_small, uniq_maurice

Skill      XL: |  1  2  3  4  5  6  7  8  9 10 |
---------------+-------------------------------+-----
Earth Magic    | 4 5 6 7 9 10 | 10.6
Dodging        | 2 3 4 5 |  5.9
Conjurations   | 1 2 3 5 7 9 |  9.0
Spellcasting   | 3 4 5 6 |  6.6
Stealth        | |  2.1
Transmutations | |  0.7

Action                   |  1- 3 |  4- 6 |  7- 9 | 10-12 || total
-------------------------+-------+-------+-------+-------++-------
Melee: Unarmed           |    24 |       |       |       ||    24
       Short sword       |    59 |   233 |   349 |    53 ||   694
       Punch             |     1 |     1 |     3 |     1 ||     6
 Cast: Sandblast         |    11 |    26 |    20 |    40 ||    97
       Stone Arrow       |     1 |     3 |    20 |    10 ||    34
  Use: Scroll            |     1 |     7 |     5 |       ||    13
 Stab: Sleeping          |     2 |     1 |     6 |       ||     9
       Distracted        |       |       |     1 |       ||     1
Armor: Robe              |    46 |   163 |   181 |    59 ||   449
Dodge: Dodged            |    77 |   228 |   286 |   111 ||   702
